 Dungeon Crawl Stone Soup version 0.29.0-11-gd7f09526c8 (webtiles) character file.

Game seed: 3628958161295074970

5 sentinel the Digger (level 2, 18/20 HPs)
             Began as a Meteoran Earth Elementalist on Sept 6, 2022.
             Quit the game on level 1 of the Dungeon.
             The game lasted 00:00:19 (85 turns).

sentinel the Digger (Meteoran Earth Elementalist)     Turns: 85, Time: 00:00:20

Health: 18/20      AC:  2    Str:  9    XL:     2   Next: 5%
Magic:  0/6        EV: 12    Int: 16    God:
Gold:   0          SH:  0    Dex: 14    Spells: 3/6 levels left

rFire   . . .      SeeInvis .   (no weapon)
rCold   . . .      Faith    .   (no shield)
rNeg    . . .      Spirit   .   a - +0 robe
rPois   .          Reflect  .   (no helmet)
rElec   .          Harm     .   (no cloak)
rCorr   .          Rampage  .   (no gloves)
Will    .....                   (no boots)
Stlth   +.........              (no amulet)
HPRegen 0.06/turn               (no ring)
MPRegen 0.10/turn               (no ring)

@: very slightly contaminated, glowing
A: sense surroundings 1, otherworldly, glowing, explore regen
a: no special abilities


You were on level 1 of the Dungeon.
You visited 1 branch of the dungeon, and saw 1 of its levels.

Inventory:

Armour
 a - a +0 robe (worn)
Scrolls
 c - a scroll of vulnerability {unknown}
Potions
 b - a potion of magic


   Skills:
 - Level 2.4 Dodging
 - Level 1.4 Stealth
 - Level 2.6 Spellcasting
 - Level 1.2 Transmutations
 + Level 4.1 Earth Magic


You had 3 spell levels left.
You knew the following spells:

 Your Spells              Type           Power      Damage    Failure   Level
a - Sandblast             Erth           30%        2d9       3%          1
c - Passwall              Tmut/Erth      8%         N/A       10%         2

Your spell library contained the following spells:

 Spells                   Type           Power      Damage    Failure   Level
 Stone Arrow              Conj/Erth      16%        3d8       26%         3
 Petrify                  Tmut/Erth      10%        N/A       54%         4


Dungeon Overview and Level Annotations

Branches:
Dungeon (1/15) Zot: 511

Altars:


Innate Abilities, Weirdness & Mutations

You passively map a small area around you.
You are easily found by Zot.
You glow in the dark.
You regain HP and MP as you explore.


Message History

Welcome, sentinel the Meteoran Earth Elementalist.
Everyone else who sought the Orb of Zot has failed.
Will you be different?
Press ? for a list of commands and other information.
Found a staircase leading out of the dungeon.
You open the door.
There is an open door here.
A goblin comes into view. It is wielding a +0 dagger.
The goblin shouts!
The blast of sand misses the goblin.
The blast of sand hits the goblin!
You kill the goblin!
You can't see any susceptible monsters within range! (Use Z to cast anyway.)
You see here a +0 dagger.
Magic restored.
You open the door.
Found a scroll labelled IDOCLO WERO.
There is an open door here.
c - a scroll labelled IDOCLO WERO You open the door.
An endoplasm comes into view.
There is an open door here.
An endoplasm is nearby!
An endoplasm is nearby!
A hobgoblin comes into view.
The endoplasm quivers.
The blast of sand hits the hobgoblin.
The hobgoblin is severely wounded.
The hobgoblin shouts!
A ball python comes into view.
The blast of sand hits the hobgoblin!
You kill the hobgoblin!
The blast of sand hits the endoplasm!
You kill the endoplasm!
Your Earth Magic skill increases to level 4!
You miscast Sandblast.
You are very lightly contaminated with residual magic.
Nothing appears to happen.
You miscast Sandblast.
Nothing appears to happen.
The ball python completely misses you. The ball python grabs you.
The ball python constricts you.
You are out of magic!
You closely miss the ball python. The ball python closely misses you.
The ball python constricts you.
You barely miss the ball python. The ball python closely misses you.
The ball python constricts you.
You closely miss the ball python. The ball python closely misses you.
The ball python constricts you. The ball python bites you.
The ball python constricts you.
You hit the ball python.
The ball python is heavily wounded.
The ball python bites you. The ball python constricts you.
You hit the ball python.
The ball python is severely wounded.
The ball python misses you. The ball python constricts you.
The blast of sand hits the ball python!
You kill the ball python!
You have reached level 2!
You see here a ball python corpse.
Your magical contamination has completely faded away.
Memorise Passwall, consuming 2 spell levels and leaving 3?
You start memorising the spell.
You continue memorising. x2
You finish memorising.
Spell assigned to 'c'.
A giant cockroach comes into view.
The giant cockroach misses you. The giant cockroach bites you.
You hit the giant cockroach but do no damage.
The giant cockroach bites you but does no damage.
The blast of sand hits the giant cockroach but does no damage.
The giant cockroach bites you but does no damage.
The giant cockroach bites you.
You miscast Sandblast.
You are very lightly contaminated with residual magic.
Nothing appears to happen.
The giant cockroach barely misses you.
You are out of magic!
You are out of magic!
You are out of magic!
You hit the giant cockroach but do no damage.
The giant cockroach misses you.
You barely miss the giant cockroach.
The giant cockroach bites you but does no damage.
You hit the giant cockroach but do no damage.
The giant cockroach bites you but does no damage.
You are out of magic!
You barely miss the giant cockroach.
The giant cockroach closely misses you. x2
Are you sure you want to abandon this character and quit the game? (Confirm with "yes".)

* , * ### ### ,,* #.. ..# ,,
.####.####.# ,,........#.#, ,
,* , ##..##.#.# * , ,
##........#,# *
#.....#.###.## ##...##..@B..#
, #. ** ##†#######.....# #. *
#.# * .#### , #. #.# ##.# #.
* ##'## #..* . ##...## #.# #
##.....#####.### # *
#..............## ##
*#.........###....##########.


You could see a giant cockroach.

Vanquished Creatures
  A ball python (D:1)
  An endoplasm (D:1)
  A goblin (D:1)
  A hobgoblin (D:1)
4 creatures vanquished.

Notes
Turn   | Place    | Note
-------+----------+-------------------------------------------
     0 | D:1      | sentinel the Meteoran Earth Elementalist began the quest
                  | for the Orb.
     0 | D:1      | Reached XP level 1. HP: 14/14 MP: 5/5
    55 | D:1      | Reached skill level 4 in Earth Magic
    63 | D:1      | Reached XP level 2. HP: 13/20 MP: 0/6
    76 | D:1      | Learned a level 2 spell: Passwall
    85 | D:1      | Quit the game

Illustrated notes

Levels and vault maps discovered:
D:1:      tarquinn_simple_flora_water_a, layout_loops_corners

Skill      XL: |  1 |
---------------+----+-----
Earth Magic    | 4 |  4.1
Dodging        | |  2.4
Stealth        | |  1.4
Spellcasting   | |  2.6
Transmutations | |  1.2

Action                   || total
-------------------------++-------
Melee: Unarmed           ||    10
 Cast: Sandblast         ||     7
Armor: Robe              ||     4
Dodge: Dodged            ||    10
